 Dungeon Crawl Stone Soup version 0.20.1-1-g8b1a95d (webtiles) character file.

518 doot the Conjurer (level 7, -3/37 HPs)
             Began as a Deep Elf Conjurer on July 15, 2017.
             Was an Initiate of Vehumet.
             Slain by appiemonkey's ghost (11 damage)
             ... on level 5 of the Dungeon.
             The game lasted 00:17:03 (5017 turns).

doot the Conjurer (Deep Elf Conjurer)               Turns: 5017, Time: 00:17:04

Health: -3/37      AC:  2    Str:  5    XL:     7   Next: 1%
Magic:  0/17       EV: 13    Int: 22    God:    Vehumet [......]
Gold:   235        SH:  0    Dex: 15    Spells: 6/16 levels left

rFire    . . .     SeeInvis .   d - +1 short sword
rCold    . . .     Gourm    .   (no shield)
rNeg     . . .     Faith    .   a - +0 robe
rPois    .         Spirit   +   (no helmet)
rElec    .         Reflect  .   (no cloak)
rCorr    .         Harm     .   (no gloves)
MR       .....                  (no boots)
Stlth    +++.......             w - amulet of guardian spirit
Regen    0.2/turn               (no ring)
MPRegen  0.2/turn               (no ring)

@: no status effects
A: no striking features
a: Renounce Religion


You were on level 5 of the Dungeon.
You worshipped Vehumet.
Vehumet was noncommittal.
You were not hungry.

You visited 2 branches of the dungeon, and saw 6 of its levels.

You collected 235 gold pieces.

Inventory:

Hand Weapons
 d - a +1 short sword (weapon)
 k - a +0 spear of venom
 s - a +0 halberd
 t - a +0 blowgun
Missiles
 e - 33 poisoned needles
Armour
 a - a +0 robe (worn)
 l - a +2 chain mail of cold resistance
 C - a cursed +0 ring mail
Jewellery
 w - an amulet of guardian spirit (around neck)
Scrolls
 f - a scroll of identify
 i - a scroll of recharging {unknown}
 o - 3 scrolls of remove curse {unknown}
 p - a scroll of immolation {unknown}
 q - 3 scrolls of teleportation {unknown}
 A - 2 scrolls of amnesia
Potions
 h - a potion of resistance
 j - 2 potions of flight {unknown}
 m - 2 potions of agility {unknown}
 n - 2 potions of curing
 u - a potion of invisibility {unknown}
 v - a potion of degeneration {unknown}
 x - a potion of heal wounds {unknown}
 z - a potion of berserk rage {unknown}
Books
 b - a book of Conjurations

   Spells                             Type                      Level
   a - Magic Dart                     Conjuration                  1
   b - Searing Ray                    Conjuration                  2
   c - Dazzling Spray                 Conjuration/Hexes            3
   d - Fulminant Prism                Conjuration/Hexes            4
   e - Force Lance                    Conjuration/Translocation    4
   f - Iskenderun's Mystic Blast      Conjuration                  4
 y - a book of Necromancy

   Spells                             Type                      Level
   a - Pain                           Necromancy                   1
   b - Animate Skeleton               Necromancy                   1
   c - Vampiric Draining              Necromancy                   3
   d - Regeneration                   Charms/Necromancy            3
   e - Animate Dead                   Necromancy                   4
   f - Control Undead                 Necromancy                   4
Comestibles
 c - 2 bread rations
 g - 3 chunks of flesh


   Skills:
 + Level 0.4 Fighting
 + Level 1.5 Short Blades
 + Level 2.7 Dodging
 + Level 4.4 Stealth
 + Level 5.4 Spellcasting
 + Level 7.2 Conjurations
 * Level 1.0 Necromancy


You had 6 spell levels left.
You knew the following spells:

 Your Spells              Type           Power        Failure   Level  Hunger
a - Magic Dart            Conj           ####         1%          1    None
b - Searing Ray           Conj           #####.       1%          2    None
c - Iskenderun's Mystic   Conj           #####...     4%          4    ####...
e - Regeneration          Chrm/Necr      #.........   24%         3    ##.....


Dungeon Overview and Level Annotations

Branches:
Dungeon (5/15)             Temple (1/1) D:4

Altars:
Ashenzari
Cheibriados
Dithmenos
Elyvilon
Fedhas
Hepliaklqana
Kikubaaqudgha
Makhleb
Nemelex Xobeh
Okawaru
Qazlal
Ru
Sif Muna
Trog
Uskayaw
Vehumet
Yredelemnul
Zin
The Shining One

Annotations:
D:3 leoctania's ghost, amateur DEVM
D:4 appiemonkey's ghost, amateur HaHu
D:5 appiemonkey's ghost, novice TrAr


Message History

Unknown command.
The gnoll moves out of view.
Appiemonkey's ghost turns its malevolent gaze towards you.
Appiemonkey's ghost misses you.
You barely miss appiemonkey's ghost. Appiemonkey's ghost hits you!
* * * LOW HITPOINT WARNING * * *
The gnoll closely misses you. The gnoll barely misses you.
Appiemonkey's ghost barely misses you.
The gnoll hits you from afar with a spear.
* * * LOW HITPOINT WARNING * * *
Press: ? - help, v - describe, . - travel
Here: appiemonkey's ghost The floor.
Unknown command.
It was a potion of curing.
You feel better. Appiemonkey's ghost hits you.
* * * LOW HITPOINT WARNING * * *
The gnoll hits you from afar with a spear.
* * * LOW HITPOINT WARNING * * *
Appiemonkey's ghost hits you!
You die...

##.##....###.....#,###.##****#
#.............##.##.##..,,,,..
#.......####.#.#.#.#*#.#****.#
####.#####.# #.#....####.#####.#
#.......##.# #...........##.....
...#.##.##.# ###.#######.##.#.#*
.....##.##.# ##.## #......#
...........# #...# ####.#.#
....###.#### #@..# #....# ...##
#..# #W..# #..#.## #### ##.#
#g..########..#... ########.#
#.........##..#...
#.....##.#######....####.##.....#
#.....##.#...............##.##...
............................#....
#.......#................##.#....
##......#.######....####.##.#....


You could see appiemonkey's ghost and a gnoll.

Vanquished Creatures
  An ogre (D:5)
  A gnoll sergeant (D:4)
  A scorpion (D:4)
  A crimson imp (D:5)
  2 orc priests (D:4)
  An iguana (D:4)
  6 gnolls
  8 adders
  An ooze (D:2)
  An adder skeleton (D:4)
  A worm (D:3)
  A dart slug (D:1)
  6 leopard geckos
  5 orcs
  2 giant cockroaches
  7 goblins
  4 hobgoblins
  A ball python (D:2)
  7 bats
  4 frilled lizards
  5 kobolds
  6 rats
  A butterfly (D:4)
73 creatures vanquished.

Notes
Turn   | Place    | Note
-------+----------+-------------------------------------------
     0 | D:1      | doot the Deep Elf Conjurer began the quest for the Orb.
     0 | D:1      | Reached XP level 1. HP: 10/10 MP: 6/6
   238 | D:1      | Reached XP level 2. HP: 7/15 MP: 5/8
   242 | D:1      | Learned a level 2 spell: Searing Ray
   418 | D:1      | Reached skill level 5 in Conjurations
  1076 | D:1      | Reached XP level 3. HP: 19/19 MP: 7/9
  1323 | D:2      | Found a sparkling altar of Nemelex Xobeh.
  1614 | D:2      | Found a stormy altar of Qazlal.
  1617 | D:2      | Found a white marble altar of Elyvilon.
  1973 | D:2      | Reached skill level 1 in Short Blades
  1973 | D:2      | Reached XP level 4. HP: 18/24 MP: 2/11
  2390 | D:3      | You fall through a shaft!
  2511 | D:3      | Learned a level 4 spell: Iskenderun's Mystic Blast
  2631 | D:3      | Noticed leoctania's ghost (amateur DEVM)
  2895 | D:4      | Reached skill level 6 in Conjurations
  2895 | D:4      | Reached XP level 5. HP: 28/28 MP: 6/13
  3223 | D:2      | Learned a level 3 spell: Dazzling Spray
  3512 | D:4      | Reached XP level 6. HP: 10/32 MP: 5/15
  3847 | D:4      | Found a staircase to the Ecumenical Temple.
  3862 | Temple   | Entered the Ecumenical Temple
  4255 | D:4      | Reached skill level 5 in Spellcasting
  4404 | D:4      | Learned a level 3 spell: Regeneration
  4466 | D:4      | Noticed appiemonkey's ghost (amateur HaHu)
  4529 | D:5      | Entered Level 5 of the Dungeon
  4597 | D:5      | Noticed a sky beast
  4816 | D:5      | Reached skill level 7 in Conjurations
  4878 | D:5      | Found a radiant altar of Vehumet.
  4878 | D:5      | Found a glowing silver altar of Zin.
  4881 | D:5      | Became a worshipper of Vehumet
  4903 | D:5      | Noticed appiemonkey's ghost (novice TrAr)
  4961 | D:5      | Reached skill level 1 in Necromancy
  4982 | D:5      | Reached XP level 7. HP: 31/37 MP: 4/17
  5017 | D:5      | Slain by appiemonkey's ghost

Skill      XL: |  1  2  3  4  5  6 |
---------------+-------------------+-----
Conjurations   | 5 6 7 |  7.2
Short Blades   | 1 |  1.5
Stealth        | 3 4 |  4.4
Spellcasting   | 4 5 |  5.4
Necromancy     | 1 |  1.0
Fighting       | |  0.4
Dodging        | |  2.7

Action                   |  1- 3 |  4- 6 |  7- 9 || total
-------------------------+-------+-------+-------++-------
Melee: Short sword       |    16 |    12 |     1 ||    29
 Cast: Magic Dart        |    47 |    57 |       ||   104
       Searing Ray       |     5 |    14 |     1 ||    20
       Iskenderun's Myst |       |     5 |       ||     5
  Use: Scroll            |     1 |     4 |       ||     5
       Potion            |       |       |     1 ||     1
 Stab: Sleeping          |     3 |     1 |       ||     4
  Eat: Chunk             |     3 |     6 |       ||     9
       Bread ration      |       |     1 |       ||     1
Armor: Robe              |     4 |     3 |       ||     7
Dodge: Dodged            |    18 |    23 |     8 ||    49
